 Dungeon Crawl Stone Soup version 0.27.1-35-g4d5d836560 (webtiles) character file.

Game seed: 12290039565238776493

2 cbfl8 the Sneak (level 1, -1/20 HPs)
             Began as a Minotaur Delver on Mar 26, 2022.
             Killed from afar by an orc wizard (3 damage)
             ... with a magic dart
             ... on level 5 of the Dungeon.
             The game lasted 00:00:21 (25 turns).

cbfl8 the Sneak (Minotaur Delver)                     Turns: 25, Time: 00:00:22

Health: -1/20      AC:  3    Str: 16    XL:     1   Next: 25%
Magic:  0/0        EV: 11    Int:  7    God:
Gold:   0          SH:  0    Dex: 11    Spells: 0/0 levels left

rFire    . . .     SeeInvis .   a - +0 hand axe
rCold    . . .     Faith    .   (no shield)
rNeg     . . .     Spirit   .   b - +0 leather armour
rPois    .         Reflect  .   (helmet restricted)
rElec    .         Harm     .   (no cloak)
rCorr    .         Rampage  .   (no gloves)
Will     .....                  (no boots)
Stlth    ++........             (no amulet)
HPRegen  0.06/turn              (no ring)
MPRegen  0.07/turn              (no ring)

@: no status effects
A: horns 2, retaliatory headbutt
a: no special abilities


You were on level 5 of the Dungeon.
You visited 1 branch of the dungeon, and saw 1 of its levels.

Inventory:

Hand Weapons
 a - a +0 hand axe (weapon)
Armour
 b - a +0 leather armour (worn)
Wands
 g - a wand of digging (3)
Scrolls
 c - a scroll of fog
Potions
 f - a potion of haste


   Skills:
 + Level 3.6 Fighting
 + Level 2.4 Axes
 + Level 2.2 Dodging
 + Level 4.1 Stealth


You couldn't memorise any spells.
You didn't know any spells.
Your spell library was empty.

Dungeon Overview and Level Annotations

Branches:
Dungeon (5/15)
 Temple: D:4-7

Altars:

Shops:
D:5 *


Innate Abilities, Weirdness & Mutations

You have a pair of horns on your head.
You reflexively headbutt those who attack you in melee.


Message History

You hear a shout!
The orc priest hits you but does no damage.
The orc wizard casts a spell at you. You resist with significant effort.
The orc priest mumbles some strange prayers to Beogh against you.
Beogh smites you!
Ouch! That really hurt!
As you read the scroll of fear, it crumbles to dust.
You assume a fearsome visage.
The orc looks frightened! x3
The orc wizard looks frightened! x2; The orc priest looks frightened!
The adder looks frightened!
The orc wizard mumbles some strange words.
The orc wizard flickers and vanishes!
The orc wizard mumbles some strange words.
The orc wizard flickers and vanishes!
You hit the orc priest.
Your attack snaps the orc priest out of its fear.
The orc priest is moderately wounded.
The orc priest barely misses you.
You closely miss the orc priest.
The orc priest is moderately wounded.
The orc priest misses you.
The orc wizard mumbles some strange words.
The orc wizard flickers and vanishes!
You hit the orc priest but do no damage.
The orc priest is moderately wounded.
You miss something.
The orc priest hits you with a +0 dagger.
* * * LOW HITPOINT WARNING * * *
Something hits you.
* * * LOW HITPOINT WARNING * * *
You closely miss the orc priest.
The orc priest is moderately wounded.
You closely miss something.
The orc priest hits you with a +0 dagger.
* * * LOW HITPOINT WARNING * * *
You hear some strange, mumbled words.
A magic dart appears from out of thin air!
The magic dart hits you.
You die...

**,,,^,,,,,,,,,,* **,,*,,****
,,,,,,,,,,,,,,..* *,,**,,,,,*
***,,,,,,,,,,,.{* *,***,,,,,*
**,,,,,,,,,,#.* *,* *,,,,,*
*,,,,,,,,,,**.##*,***,<,,,*
***,,**,,,,,,,,...,,,,,,,,,,*
,,,,,,,,*******#.#*o#**,,,,,*
,,,,***,** #o#*.# *,,,,,*
,**,,,*,,** #@#*o# *,,,,,*
*****,**,,* #{##.# *,,,,,*
*,***,** #o#..***##****
*,,**,,** #.#.#**.∩.,,*
**,,,*..* #.#o###...,,*
***,*#.##*#...#..o.,,,*
*,,....##.)#..#,o,,,*
***#.........##...,,*
#............#*,,*


You could see an orc priest and an orc.

Vanquished Creatures
  An orc (D:5)
1 creature vanquished.

Notes
Turn   | Place    | Note
-------+----------+-------------------------------------------
     0 | D:5      | cbfl8 the Minotaur Delver began the quest for the Orb.
     0 | D:5      | Reached XP level 1. HP: 19/19 MP: 0/0
     8 | D:5      | Found Sadeon's Assorted Antiques.
    10 | D:5      | Noticed an orc wizard
    11 | D:5      | Noticed an orc wizard
    13 | D:5      | Noticed an orc wizard
    15 | D:5      | Noticed an orc priest
    17 | D:5      | Noticed an orc wizard
    25 | D:5      | Killed from afar by an orc wizard

Illustrated notes

Levels and vault maps discovered:
D:5:      layout_rooms, ebering_ghost_disaster_area, serial_shops, shop,
          minmay_holes, hangedman_decor_points

Action                   || total
-------------------------++-------
Melee: Hand axe          ||     5
  Use: Scroll            ||     2
Armor: Leather armour    ||     1
Dodge: Dodged            ||     6
